[Event "Titled Tuesday Blitz June 28 Late 2022"]
[White "Rizzo, Tobias"]
[Black "Hua, Lefong"]
[WhiteFideId "30942691"]
[BlackFideId "2602253"]
[WhiteElo "2280"]
[BlackElo "2608"]
[Result "0-1"]
[Round "01"]
[TimeControl "180+1"]
[Date "2022.06.29"]
[WhiteClock "0:00:03"]
[BlackClock "0:00:34"]

1. d4 Nf6 2. Bg5 g6 3. Bxf6 exf6 4. e4 Bg7 5. Nc3 O-O 6. Nf3 d6 7. Be2 f5 8. O-O fxe4 9. Nxe4 Re8 10. Bd3 Nd7 11. Re1 Nf6 12. h3 Bd7 13. c4 Bc6 14. d5 Bd7 15. Qc2 Nxe4 16. Bxe4 Qf6 17. Re2 b6 18. Rae1 a5 19. Nd2 Qxb2 20. Qxb2 Bxb2 21. Bc2 Kf8 22. Nf3 Bf6 23. g4 h6 24. Kg2 Rxe2 25. Rxe2 Re8 26. Rd2 Bc3 27. Rd3 Bg7 28. Rd2 Re7 29. Kg3 Ke8 30. h4 Be5+ 31. Nxe5 Rxe5 32. f3 Re3 33. Kf4 Rc3 34. Bd3 Kf8 35. Be2 f6 36. Kg3 g5 37. hxg5 hxg5 38. Bd3 Be8 39. Bf1 Bg6 40. Rh2 Kg7 41. Rd2 Rc2 42. Rxc2 Bxc2 43. a3 f5 44. f4 Kf6 45. gxf5 Kxf5 46. fxg5 Kxg5 47. Kf3 Kf5 48. Ke3 Ke5 49. Be2 Bg6 50. Bf1 Be8 51. Be2 b5 52. cxb5 Kxd5 53. Bd3 Kc5 54. a4 Kb4 55. Bc2 Bf7 56. Kd2 Bb3 57. Bxb3 Kxb3 58. Kd3 Kxa4 59. Kc4 Ka3 60. Kd5 Kb4 61. Kc6 a4 62. Kxc7 Kxb5 0-1


[Site "https://www.chess.com"]

[Event "Titled Tuesday Blitz June 28 Late 2022"]
[White "Rosen, Eric"]
[Black "Mekhane, Adam"]
[WhiteFideId "2032562"]
[BlackFideId "36050601"]
[WhiteElo "2764"]
[BlackElo "2421"]
[Result "1-0"]
[Round "01"]
[TimeControl "180+1"]
[Date "2022.06.29"]
[WhiteClock "0:01:40"]
[BlackClock "0:01:02"]

1. d4 Nf6 2. Bf4 g6 3. Nc3 d5 4. e3 Bg7 5. h4 h5 6. Nf3 O-O 7. Ne5 c5 8. dxc5 Qa5 9. Qd2 Bf5 10. Bd3 Bxd3 11. cxd3 Qxc5 12. O-O Nc6 13. Rac1 Qb6 14. d4 Nxe5 15. Bxe5 e6 16. b3 Rac8 17. Na4 Qb5 18. f3 Nd7 19. Bd6 Rfe8 20. Rc2 Nb6 21. Nc5 Qc6 22. Bg3 Nd7 23. Rfc1 Nxc5 24. Rxc5 Qd7 25. Qc2 Rxc5 26. Qxc5 Bh6 27. Kf2 b6 28. Qc6 Qe7 29. Rc2 Rd8 30. Qc7 Qf6 31. Ke2 g5 32. Be5 1-0


[Site "https://www.chess.com"]

[Event "Titled Tuesday Blitz June 28 Late 2022"]
[White "Rustemov, Alexander"]
[Black "Sliwicki, Damian"]
[WhiteFideId "4119002"]
[BlackFideId "1127128"]
[WhiteElo "2733"]
[BlackElo "2406"]
[Result "1-0"]
[Round "01"]
[TimeControl "180+1"]
[Date "2022.06.29"]
[WhiteClock "0:01:36"]
[BlackClock "0:00:01"]

1. d4 Nf6 2. c4 e6 3. Nf3 Bb4+ 4. Bd2 Qe7 5. g3 O-O 6. Bg2 Bxd2+ 7. Qxd2 d6 8. Nc3 c6 9. e4 e5 10. O-O Bg4 11. Nh4 g6 12. h3 Be6 13. b3 Nbd7 14. Rad1 Nb6 15. Nf3 Rad8 16. Rfe1 Bc8 17. Qh6 Nbd7 18. Ng5 Rfe8 19. f4 Nf8 20. fxe5 dxe5 21. d5 cxd5 22. exd5 Bf5 23. g4 Bc8 24. Rf1 e4 25. Ncxe4 Nxe4 26. Nxe4 f5 27. gxf5 Bxf5 28. Rde1 Bxe4 29. Rxe4 Qc5+ 30. Kh1 Rxe4 31. Bxe4 Qd4 32. Qf4 Qg7 33. d6 Ne6 34. Bd5 1-0


[Site "https://www.chess.com"]

[Event "Titled Tuesday Blitz June 28 Late 2022"]
[White "Sailer, Mike"]
[Black "Barria Zuniga, Daniel"]
[WhiteFideId "2012901"]
[BlackFideId "3400816"]
[WhiteElo "2109"]
[BlackElo "2414"]
[Result "0-1"]
[Round "01"]
[TimeControl "180+1"]
[Date "2022.06.29"]
[WhiteClock "0:00:02"]
[BlackClock "0:00:18"]

1. d4 Nf6 2. Nf3 e6 3. Bf4 b6 4. e3 Bb7 5. Be2 Nh5 6. Bg5 Be7 7. Bxe7 Qxe7 8. c4 O-O 9. Nc3 f5 10. a3 Nf6 11. b4 a5 12. c5 d6 13. cxd6 cxd6 14. O-O Nc6 15. b5 Na7 16. Na4 Nd7 17. Qb3 Rfc8 18. Rac1 Bd5 19. Bc4 Bxc4 20. Rxc4 d5 21. Rxc8+ Rxc8 22. Ne5 Nxe5 23. dxe5 Qc7 24. f4 Qb8 25. Qb2 Rc4 26. Nc3 Qc7 27. Nd1 Qc5 28. h3 Nxb5 29. Kh2 Rc2 30. Qb3 Qc4 31. Qb1 h6 32. Nf2 a4 33. Nh1 Nxa3 34. Qa1 b5 35. Ng3 b4 36. Rd1 Ra2 37. Qd4 Qxd4 38. Rxd4 Nc2 39. Rd3 Rb2 40. Ne2 a3 41. Nd4 Nxd4 42. Rxd4 a2 0-1


[Site "https://www.chess.com"]

[Event "Titled Tuesday Blitz June 28 Late 2022"]
[White "Sanchez Alarcon, Juan"]
[Black "Przybylski, Wojciech"]
[WhiteFideId "3401332"]
[BlackFideId "1117599"]
[WhiteElo "2164"]
[BlackElo "2133"]
[Result "1/2-1/2"]
[Round "01"]
[TimeControl "180+1"]
[Date "2022.06.29"]
[WhiteClock "0:01:27"]
[BlackClock "0:00:27"]

1. e4 c5 2. c3 Nf6 3. e5 Nd5 4. d4 d6 5. Nf3 Nc6 6. Bc4 Nb6 7. Bb5 cxd4 8. cxd4 d5 9. Nc3 Bg4 10. Be3 e6 11. h3 Bh5 12. O-O Be7 13. Rc1 O-O 14. Be2 Rc8 15. Qd2 Re8 16. b3 Ba3 17. Rcd1 h6 18. Nh2 Bg6 19. f4 Bb4 20. Rc1 Ba3 21. Rcd1 Ne7 22. Nb1 Bxb1 23. Rxb1 Nf5 24. Bf2 Qc7 25. Bd3 Qc3 26. Qxc3 Rxc3 27. Rfd1 Rec8 28. Nf3 Bc1 29. g3 g5 30. fxg5 hxg5 31. g4 Ne7 32. Be1 R3c7 33. Bd2 Bxd2 34. Rxd2 Rc1+ 35. Rxc1 Rxc1+ 36. Kg2 Nc6 37. Bb5 f6 38. exf6 Kf7 39. Nxg5+ Kxf6 40. Nf3 Nd7 41. g5+ Kf7 42. h4 a6 43. Bxc6 bxc6 44. Kg3 c5 45. dxc5 e5 46. Rxd5 Ke6 47. Rd6+ Ke7 48. Rxa6 Nxc5 49. Ra7+ Ke6 50. g6 Ne4+ 51. Kg2 Rc2+ 52. Kg1 Rc1+ 53. Kg2 Rc2+ 54. Kg1 Rc1+ 55. Kg2 1/2-1/2


[Site "https://www.chess.com"]

[Event "Titled Tuesday Blitz June 28 Late 2022"]
[White "Barria Santos, Jose Guilherme"]
[Black "Matlakov, Maxim"]
[WhiteFideId "1939300"]
[BlackFideId "4168003"]
[WhiteElo "2261"]
[BlackElo "2669"]
[Result "0-1"]
[Round "01"]
[TimeControl "180+1"]
[Date "2022.06.28"]
[WhiteClock "0:00:26"]
[BlackClock "0:01:14"]

1. d4 d5 2. c4 c6 3. Nf3 Nf6 4. Nc3 dxc4 5. e3 b5 6. a4 b4 7. Nb1 e6 8. Bxc4 Bb7 9. O-O a5 10. b3 Nbd7 11. Bb2 Be7 12. Nbd2 O-O 13. Re1 c5 14. Rc1 Rc8 15. Bb5 cxd4 16. Nxd4 Nc5 17. Nc4 Qc7 18. f3 Rfd8 19. Qc2 g6 20. Red1 Nd5 21. e4 Nf4 22. Ne3 Qb8 23. Bc4 Bg5 24. Ne2 Nfd3 25. f4 Bxf4 26. Nxf4 Qxf4 0-1


[Site "https://www.chess.com"]

[Event "Titled Tuesday Blitz June 28 Late 2022"]
[White "Sargsyan, Anna M."]
[Black "Castellanos Hernandez, Emilio Au"]
[WhiteFideId "13308130"]
[BlackFideId "5114179"]
[WhiteElo "2271"]
[BlackElo "2021"]
[Result "0-1"]
[Round "01"]
[TimeControl "180+1"]
[Date "2022.06.29"]
[WhiteClock "0:01:27"]
[BlackClock "0:01:50"]

1. d4 d5 2. c4 e6 3. Nf3 Nf6 4. Nc3 Bb4 5. Bg5 dxc4 6. e4 b5 7. e5 h6 8. Bh4 g5 9. Nxg5 Nd5 10. Nf3 Nxc3 11. bxc3 Bxc3+ 12. Ke2 Qd5 13. Qb1 Ba6 14. Kd1 Nc6 15. Kc2 b4 16. Be2 Nxd4+ 17. Nxd4 Qxd4 18. Bf6 Qd2# 0-1


[Site "https://www.chess.com"]

[Event "Titled Tuesday Blitz June 28 Late 2022"]
[White "Sarkar, Justin"]
[Black "Bekturov, Tamerlan"]
[WhiteFideId "2010011"]
[BlackFideId "13710184"]
[WhiteElo "2020"]
[BlackElo "2151"]
[Result "0-1"]
[Round "01"]
[TimeControl "180+1"]
[Date "2022.06.29"]
[WhiteClock "0:00:01"]
[BlackClock "0:00:44"]

1. d4 d5 2. a3 Nf6 3. Bf4 c5 4. dxc5 e6 5. b4 a5 6. Nc3 b6 7. Nb5 Na6 8. c6 axb4 9. Nf3 bxa3 10. e3 Bb4+ 11. c3 Bc5 12. Bd3 O-O 13. O-O h6 14. Ne5 Qe8 15. g4 Ne4 16. Bxe4 dxe4 17. Nd6 Qe7 18. Nxc8 Rfxc8 19. Qd7 f6 20. Ng6 Qxd7 21. cxd7 Rd8 22. Rfd1 e5 23. Bg3 Kf7 24. Nh4 Ra7 0-1


[Site "https://www.chess.com"]

[Event "Titled Tuesday Blitz June 28 Late 2022"]
[White "Saveliev, Alexei"]
[Black "Kohler, Aran"]
[WhiteFideId "24128546"]
[BlackFideId "1002856"]
[WhiteElo "2281"]
[BlackElo "2276"]
[Result "1-0"]
[Round "01"]
[TimeControl "180+1"]
[Date "2022.06.29"]
[WhiteClock "0:00:06"]
[BlackClock "0:00:11"]

1. c4 Nf6 2. Nc3 e5 3. Nf3 e4 4. Ng5 b5 5. Ncxe4 Nxe4 6. Nxe4 bxc4 7. d4 d5 8. Nc3 Be7 9. g3 c6 10. Bg2 O-O 11. O-O Bf5 12. b3 cxb3 13. axb3 a5 14. Na4 Nd7 15. Ba3 Bxa3 16. Rxa3 Qe7 17. Ra2 Rab8 18. e3 Qb4 19. Rb2 Rfe8 20. Qc1 Re6 21. h4 Qa3 22. Qc3 Qb4 23. Rc1 Qxc3 24. Rxc3 h5 25. Ra2 Rb4 26. Bf3 g6 27. Kg2 Be4 28. Bxe4 dxe4 29. Nb2 Rb5 30. Nc4 Nf6 31. Nxa5 Nd5 32. Rxc6 Rxc6 33. Nxc6 Rxb3 34. Ra5 Nf6 35. Ra2 Kg7 36. Ne5 Rb7 37. f3 exf3+ 38. Kxf3 Nd5 39. Ra3 f6 40. Nd3 g5 41. hxg5 fxg5 42. Nc5 Rf7+ 43. Kg2 g4 44. e4 Ne7 45. Ne6+ Kf6 46. Nf4 Kg5 47. Ra5+ Kh6 48. Rxh5+ Kg7 49. Rg5+ Kf8 50. Rxg4 Ke8 51. d5 Kd7 52. Nd3 Rf8 53. Rf4 Ra8 54. Rf7 Kd6 55. e5+ Kxd5 56. Rxe7 Ke4 57. Nf4 Ra2+ 58. Kh3 Kf5 59. Rf7+ Kxe5 60. Kg4 Ra3 61. Rf8 Kd6 62. Re8 Kd7 63. Re2 Ra5 64. Re3 Ra4 65. Kf5 Ra5+ 66. Re5 Ra3 67. g4 Rg3 68. g5 Kd6 69. Re6+ Kd7 70. g6 Kd8 71. Re2 Kd7 72. Kf6 Rf3 73. Re4 Rg3 74. g7 Kd6 75. Kf7 1-0


[Site "https://www.chess.com"]

[Event "Titled Tuesday Blitz June 28 Late 2022"]
[White "Schekachikhin, Maksim"]
[Black "Diaz, Fernando"]
[WhiteFideId "24177830"]
[BlackFideId "3701255"]
[WhiteElo "2239"]
[BlackElo "1934"]
[Result "1-0"]
[Round "01"]
[TimeControl "180+1"]
[Date "2022.06.29"]
[WhiteClock "0:01:02"]
[BlackClock "0:00:01"]

1. e4 e6 2. d4 d5 3. Nd2 Nf6 4. e5 Nfd7 5. Bd3 c5 6. c3 Nc6 7. Ne2 cxd4 8. cxd4 f6 9. exf6 Nxf6 10. Nf3 Bd6 11. O-O Qc7 12. Bg5 O-O 13. Rc1 Bd7 14. Bh4 Rae8 15. Bg3 Qb8 16. Re1 e5 17. dxe5 Nxe5 18. Nxe5 Bxe5 19. Qb3 Bc6 20. Bb5 Kh8 21. Bxc6 bxc6 22. Qxb8 Bxb8 23. Bxb8 Rxb8 24. b3 Rb6 25. Nd4 Rc8 26. Re7 a6 27. Nf5 g6 28. Nd6 Rf8 29. f3 Nh5 30. Rc7 c5 31. Nf7+ Kg8 32. Nh6+ Kh8 33. R1xc5 Nf6 34. R5c6 Rxc6 35. Rxc6 d4 36. Rd6 Kg7 37. Ng4 Nxg4 38. fxg4 Rc8 39. Rxa6 Rc1+ 40. Kf2 d3 41. Rd6 Rc2+ 42. Kf3 d2 43. a4 Rb2 44. Ke2 d1=Q+ 45. Kxd1 Rxb3 46. h3 Rb2 47. Rd2 Rb1+ 48. Ke2 Ra1 49. Rd4 Ra2+ 50. Kf3 g5 51. Rd7+ Kg6 52. Rd6+ Kg7 53. Ra6 h6 54. a5 Ra4 55. Ra8 Kf6 56. a6 Ke5 57. a7 Ra3+ 58. Kf2 Ra2+ 59. Kg1 1-0


[Site "https://www.chess.com"]

[Event "Titled Tuesday Blitz June 28 Late 2022"]
[White "Shapiro, Daniel"]
[Black "Bayo Milagro, Alvaro"]
[WhiteFideId "2001780"]
[BlackFideId "22275240"]
[WhiteElo "2282"]
[BlackElo "2270"]
[Result "1/2-1/2"]
[Round "01"]
[TimeControl "180+1"]
[Date "2022.06.29"]
[WhiteClock "0:00:41"]
[BlackClock "0:01:11"]

1. d4 Nf6 2. c4 g6 3. Nc3 Bg7 4. e4 d6 5. Be2 O-O 6. Nf3 Bg4 7. Ng1 Bxe2 8. Ngxe2 c5 9. Be3 cxd4 10. Nxd4 Nc6 11. O-O a6 12. Rc1 Rc8 13. f3 Nxd4 14. Bxd4 Rxc4 15. Bxf6 Bxf6 16. Nd5 Bd4+ 17. Kh1 Rxc1 18. Qxc1 e6 19. Ne3 Qb6 20. Nc4 Qc5 21. b3 b5 22. Na5 Rc8 23. Qxc5 Rxc5 24. g3 Rc2 25. Rd1 Bc5 26. Nb7 Rxa2 27. e5 Rb2 28. exd6 Bxd6 29. Rxd6 Rxb3 30. Rxa6 Rxf3 31. Ra7 b4 32. Nc5 Rc3 33. Ne4 Re3 34. Ng5 b3 35. Rb7 f5 36. Kg2 Re2+ 37. Kf3 Rxh2 38. Nxe6 b2 39. Nf4 Rc2 40. Nd3 Rc3 41. Ke2 Rc2+ 42. Ke3 g5 43. Rxb2 f4+ 44. gxf4 gxf4+ 45. Kxf4 Rxb2 46. Nxb2 h5 47. Kg5 h4 48. Kxh4 1/2-1/2


[Site "https://www.chess.com"]

[Event "Titled Tuesday Blitz June 28 Late 2022"]
[White "Silva, Miguel Antonio Neto"]
[Black "Jaracz, Pawel"]
[WhiteFideId "1911929"]
[BlackFideId "1102222"]
[WhiteElo "2204"]
[BlackElo "2459"]
[Result "0-1"]
[Round "01"]
[TimeControl "180+1"]
[Date "2022.06.29"]
[WhiteClock "0:01:06"]
[BlackClock "0:01:23"]

1. e4 c5 2. Nf3 e6 3. d4 cxd4 4. Nxd4 a6 5. Bd3 Nf6 6. O-O Qc7 7. c4 Nc6 8. Nc2 Ne5 9. Bf4 d6 10. b3 b6 11. Re1 Bb7 12. Bg3 Be7 13. f4 Nxd3 14. Qxd3 O-O 15. h3 Rac8 16. Nd2 b5 17. Ne3 bxc4 18. Nexc4 Rfd8 19. Rac1 d5 20. Ne5 Qb6+ 21. Bf2 Qa5 22. Rxc8 Rxc8 23. exd5 Bxd5 24. Ndc4 Qxa2 25. f5 Bc5 26. Bxc5 Qxg2# 0-1


[Site "https://www.chess.com"]

[Event "Titled Tuesday Blitz June 28 Late 2022"]
[White "Silvestre, Christian"]
[Black "Paszewski, Mateusz"]
[WhiteFideId "30956269"]
[BlackFideId "1141058"]
[WhiteElo "2367"]
[BlackElo "2171"]
[Result "0-1"]
[Round "01"]
[TimeControl "180+1"]
[Date "2022.06.29"]
[WhiteClock "0:00:43"]
[BlackClock "0:01:38"]

1. e4 c6 2. Nc3 d5 3. Nf3 dxe4 4. Nxe4 Nf6 5. Nxf6+ exf6 6. d4 Bd6 7. h3 O-O 8. Be2 Re8 9. O-O Bf5 10. c3 Nd7 11. Re1 Nf8 12. Be3 Ng6 13. Bd3 Qd7 14. Bxf5 Qxf5 15. Qb3 Re7 16. Bd2 Rae8 17. Rxe7 Rxe7 18. Re1 Rxe1+ 19. Nxe1 b5 20. Qc2 Qe6 21. b3 Nf4 22. Nd3 Qe2 23. Nc1 Qe6 24. Bxf4 Qe1+ 25. Kh2 Bxf4+ 26. g3 Bxc1 27. Qf5 Qe6 28. Qc2 Ba3 29. c4 bxc4 30. bxc4 g6 31. Qd3 Bd6 32. d5 cxd5 33. cxd5 Qe5 34. a4 Kg7 35. a5 h5 36. a6 h4 37. Kg2 hxg3 38. fxg3 f5 39. h4 Qe4+ 40. Qxe4 fxe4 41. g4 f5 42. gxf5 gxf5 43. Kf2 f4 44. Ke2 Kg6 45. h5+ Kxh5 0-1


[Site "https://www.chess.com"]

[Event "Titled Tuesday Blitz June 28 Late 2022"]
[White "Steinberg, Nitzan"]
[Black "Aydin, Gulenay"]
[WhiteFideId "2801795"]
[BlackFideId "34557431"]
[WhiteElo "2471"]
[BlackElo "1454"]
[Result "1-0"]
[Round "01"]
[TimeControl "180+1"]
[Date "2022.06.28"]
[WhiteClock "0:02:06"]
[BlackClock "0:02:02"]

1. e4 c5 2. Nf3 d6 3. d4 cxd4 4. Nxd4 Nf6 5. Nc3 g6 6. Be3 Bg7 7. f3 a6 8. h4 h5 9. Qd2 b5 10. a4 b4 11. Nd5 a5 12. O-O-O Bb7 13. Bb5+ Nbd7 14. Nc6 Bxc6 15. Bxc6 Rc8 16. Bb6 Rxc6 17. Bxd8 Kxd8 18. Qe2 1-0


[Site "https://www.chess.com"]

[Event "Titled Tuesday Blitz June 28 Late 2022"]
[White "Svane, Rasmus"]
[Black "Colpe, Malte"]
[WhiteFideId "4657101"]
[BlackFideId "24623075"]
[WhiteElo "2674"]
[BlackElo "2328"]
[Result "1-0"]
[Round "01"]
[TimeControl "180+1"]
[Date "2022.06.28"]
[WhiteClock "0:01:20"]
[BlackClock "0:00:07"]

1. Nf3 d5 2. g3 e6 3. Bg2 Nf6 4. O-O c5 5. c4 d4 6. e3 Nc6 7. exd4 cxd4 8. d3 Bd6 9. Bg5 h6 10. Bxf6 Qxf6 11. a3 a5 12. Nfd2 Qe7 13. Ne4 Bc7 14. c5 O-O 15. Nbd2 f5 16. Nd6 Bxd6 17. cxd6 Qxd6 18. Nc4 Qc7 19. Re1 Bd7 20. Rc1 Rae8 21. Qb3 Kh8 22. Qb6 Qxb6 23. Nxb6 Rf7 24. Nxd7 Rxd7 25. Bxc6 bxc6 26. Rxc6 Rb7 27. Rc4 Rxb2 28. Rxd4 Rb3 29. a4 Ra3 30. Re5 Rc8 31. Rxe6 Rcc3 32. Re5 f4 33. Rxf4 Rxd3 34. Rxa5 Rd7 35. h4 Kh7 36. h5 Rb7 37. Kg2 Ra2 38. Ra8 Rc7 39. Rff8 1-0


[Site "https://www.chess.com"]

[Event "Titled Tuesday Blitz June 28 Late 2022"]
[White "Svicevic, Rastko"]
[Black "Adla, Diego"]
[WhiteFideId "916315"]
[BlackFideId "100072"]
[WhiteElo "2049"]
[BlackElo "2377"]
[Result "0-1"]
[Round "01"]
[TimeControl "180+1"]
[Date "2022.06.29"]
[WhiteClock "0:00:01"]
[BlackClock "0:00:04"]

1. d4 Nf6 2. Bg5 c5 3. Bxf6 gxf6 4. d5 Qb6 5. Qc1 d6 6. e3 Nd7 7. c4 f5 8. Nc3 e6 9. Nf3 Rg8 10. g3 Nf6 11. Be2 Bd7 12. O-O Bg7 13. a3 Ne4 14. Rb1 Nxc3 15. bxc3 Qc7 16. e4 fxe4 17. Ng5 h6 18. dxe6 fxe6 19. Bh5+ Ke7 20. Nxe4 Raf8 21. Rd1 Be5 22. Qxh6 Bc6 23. Ng5 Qd7 24. Re1 Rh8 25. Qg6 Qc8 26. Bg4 Rf6 27. Qg7+ Kd8 28. Qxh8+ Kc7 29. Qxc8+ Kxc8 30. f4 Bxc3 31. Bxe6+ Kc7 32. Re2 Bd4+ 33. Kf1 a6 34. Bd5 b5 35. Bxc6 Kxc6 36. cxb5+ axb5 37. Ne4 Rf8 38. h4 Ra8 39. Ra2 Ra4 40. Nd2 c4 41. Nf3 Bc5 42. Ke2 d5 43. h5 d4 44. h6 d3+ 45. Kf1 Kd5 46. h7 Ra8 47. Rh2 Rh8 48. Ng5 Kd4 49. Nf7 Rxh7 50. Rxh7 c3 51. Rh2 c2 52. Rc1 Kc3 53. Rcxc2+ dxc2 54. Ke2 c1=Q 55. Ne5 Qe3+ 56. Kf1 Qg1+ 0-1


[Site "https://www.chess.com"]

[Event "Titled Tuesday Blitz June 28 Late 2022"]
[White "Tari, Aryan"]
[Black "Perera Alfonso, Rene Humberto"]
[WhiteFideId "1510045"]
[BlackFideId "3514722"]
[WhiteElo "2567"]
[BlackElo "2313"]
[Result "1-0"]
[Round "01"]
[TimeControl "180+1"]
[Date "2022.06.28"]
[WhiteClock "0:00:20"]
[BlackClock "0:01:21"]

1. e4 c5 2. Nc3 d6 3. f4 Nf6 4. Nf3 g6 5. Bb5+ Bd7 6. Bc4 Bg7 7. e5 Ng4 8. Ng5 Nh6 9. e6 fxe6 10. Nxe6 Bxe6 11. Bxe6 Nc6 12. O-O Nd4 13. Bc4 Qd7 14. Ne2 d5 15. c3 dxc4 16. cxd4 cxd4 17. d3 c3 18. Qb3 Rc8 19. Ng3 e6 20. bxc3 dxc3 21. Ba3 Nf5 22. Ne4 h6 23. Kh1 Kf7 24. Rae1 Rhe8 25. Nc5 Qd5 26. Qxb7+ Qxb7 27. Nxb7 Rb8 28. Na5 Rb5 29. Nc4 Rd8 30. g4 Nd4 31. Nd6+ Rxd6 32. Bxd6 Rb2 33. Be5 Bxe5 34. fxe5+ Ke7 35. Rb1 Rxa2 36. Rb7+ Ke8 37. Rb8+ Ke7 38. Rbf8 Kd7 39. R1f7+ Kc6 40. Rc8+ Kd5 41. Rd7+ Kxe5 42. Rc5+ Kf6 43. Rxd4 c2 44. Rdc4 1-0


[Site "https://www.chess.com"]

[Event "Titled Tuesday Blitz June 28 Late 2022"]
[White "Thiel, Thomas"]
[Black "Janaszak, Dawid"]
[WhiteFideId "4615964"]
[BlackFideId "1119206"]
[WhiteElo "2227"]
[BlackElo "2199"]
[Result "0-1"]
[Round "01"]
[TimeControl "180+1"]
[Date "2022.06.29"]
[WhiteClock "0:00:37"]
[BlackClock "0:00:56"]

1. e4 c5 2. Nc3 Nc6 3. Bb5 Nd4 4. Bc4 e6 5. Nge2 a6 6. d3 Nf6 7. O-O b5 8. Bb3 Qc7 9. Ng3 Bb7 10. f4 h5 11. e5 Ng4 12. Nge4 d5 13. exd6 Bxd6 14. h3 Nh6 15. Nxd6+ Qxd6 16. Qe1 Nhf5 17. Ne4 Qc6 18. c3 Nxb3 19. axb3 c4 20. Rf2 cxd3 21. Ng5 O-O 22. Qd1 g6 23. Qxd3 Rad8 24. Qf1 Rd7 25. Nf3 Qb6 26. Ne5 Rd6 27. Kh2 Rfd8 28. Re2 Kg7 29. b4 h4 30. b3 Ng3 31. Qe1 Rd1 32. Qf2 Rh1# 0-1


[Site "https://www.chess.com"]

[Event "Titled Tuesday Blitz June 28 Late 2022"]
[White "Tica, Sven"]
[Black "Garcia, Gabriel Gonzaga"]
[WhiteFideId "14526948"]
[BlackFideId "2138956"]
[WhiteElo "2346"]
[BlackElo "2240"]
[Result "1-0"]
[Round "01"]
[TimeControl "180+1"]
[Date "2022.06.29"]
[WhiteClock "0:01:20"]
[BlackClock "0:00:13"]

1. d4 Nf6 2. Nc3 d5 3. Bf4 Bf5 4. Nb5 Na6 5. e3 e6 6. a3 Be7 7. Bd3 O-O 8. Ne2 c5 9. Bxf5 exf5 10. dxc5 Nxc5 11. O-O Ne6 12. Be5 Ne4 13. Nbc3 Nxc3 14. Nxc3 Bf6 15. Bxf6 Qxf6 16. Qxd5 Rad8 17. Qxb7 Rb8 18. Qxa7 Rxb2 19. Nd5 Qg5 20. c4 f4 21. Nxf4 Nxf4 22. exf4 Qxf4 23. a4 Qxc4 24. a5 Ra2 25. Rac1 Qa4 26. Rc5 h6 27. h3 Qa3 28. Rd5 Rc8 29. Rfd1 Rcc2 30. Rf5 Qb3 31. Rd8+ Kh7 32. Rxf7 Qb1+ 33. Kh2 Qb2 34. Qe3 Rc6 35. Qe4+ Rg6 36. Rh8+ Kxh8 37. Qxg6 Qe5+ 38. f4 1-0


[Site "https://www.chess.com"]

[Event "Titled Tuesday Blitz June 28 Late 2022"]
[White "Tymrakiewicz, Rafal"]
[Black "Martinez Alcantara, Jose Eduardo"]
[WhiteFideId "1108832"]
[BlackFideId "3805662"]
[WhiteElo "2205"]
[BlackElo "2703"]
[Result "0-1"]
[Round "01"]
[TimeControl "180+1"]
[Date "2022.06.28"]
[WhiteClock "0:00:03"]
[BlackClock "0:00:29"]

1. d4 Nf6 2. Bg5 Ne4 3. Bf4 d5 4. e3 c5 5. Bd3 Nf6 6. c3 Nc6 7. Nd2 Bg4 8. Ngf3 e6 9. h3 Bh5 10. O-O Be7 11. a4 O-O 12. Re1 Bg6 13. Bxg6 hxg6 14. Qb3 Qc8 15. a5 Nd7 16. Rec1 b6 17. axb6 axb6 18. Qd1 Qb7 19. Rxa8 Rxa8 20. Ra1 c4 21. b4 b5 22. Qb1 Nb6 23. e4 Ra4 24. e5 Qa8 25. Rxa4 bxa4 26. Ne1 Na7 27. Qa2 Nb5 28. Nb1 g5 29. Bd2 f6 30. exf6 gxf6 31. Nc2 Qe8 32. Nca3 Nd6 33. Be1 Qg6 34. Qc2 Qf7 35. Nd2 Kg7 36. Nf3 Ne4 37. Nd2 Nd6 38. Nf3 Qh5 39. Nb1 Nb5 0-1


[Site "https://www.chess.com"]

[Event "Titled Tuesday Blitz June 28 Late 2022"]
[White "Uddin, Mubassar"]
[Black "Souleidis, Georgios"]
[WhiteFideId "2093944"]
[BlackFideId "4206827"]
[WhiteElo "2051"]
[BlackElo "2401"]
[Result "1-0"]
[Round "01"]
[TimeControl "180+1"]
[Date "2022.06.29"]
[WhiteClock "0:00:21"]
[BlackClock "0:00:05"]

1. d4 Nf6 2. c4 g6 3. Nc3 Bg7 4. e4 d6 5. f3 O-O 6. Nge2 c5 7. d5 e6 8. Ng3 exd5 9. cxd5 a6 10. a4 h5 11. Bg5 Nbd7 12. Qd2 Qc7 13. Be2 Rb8 14. O-O c4 15. Bh6 b5 16. Bxg7 Kxg7 17. Qg5 Kh8 18. axb5 axb5 19. f4 Nh7 20. Qh6 Qc5+ 21. Kh1 Qd4 22. e5 dxe5 23. f5 Nf6 24. Nge4 Ng8 25. Qc1 Bxf5 26. Nd6 b4 27. Nd1 Qxd5 28. Nxf5 gxf5 29. Rxf5 h4 30. Bf3 Qe6 31. Rh5 e4 32. Qc2 Nf6 33. Rxh7+ Kxh7 34. Be2 Rbc8 35. Ne3 Rg8 36. Rf1 Rg6 37. Bxc4 Rxc4 38. Nxc4 Qg4 39. Ne5 Qe6 40. Nxg6 fxg6 41. Qc7+ Kh6 42. Qf4+ Kg7 43. Qxh4 b3 44. Re1 Kf7 45. Qf2 Kg7 46. Qa7+ Kh6 47. Qe3+ Kg7 48. h3 Qe5 49. Qxb3 Nh5 50. Qc3 Ng3+ 51. Kg1 Qxc3 52. bxc3 Kf6 53. Kf2 Nf5 54. Rxe4 Nd6 55. Rd4 Nf5 56. Rf4 Ke5 57. Rxf5+ gxf5 58. Kg3 1-0


[Site "https://www.chess.com"]

[Event "Titled Tuesday Blitz June 28 Late 2022"]
[White "Vidonyak, Roman"]
[Black "Chernobay, Artem"]
[WhiteFideId "14100622"]
[BlackFideId "4167406"]
[WhiteElo "2339"]
[BlackElo "2473"]
[Result "0-1"]
[Round "01"]
[TimeControl "180+1"]
[Date "2022.06.29"]
[WhiteClock "0:00:34"]
[BlackClock "0:01:34"]

1. d4 Nf6 2. c4 g6 3. h4 Bg7 4. Nc3 d6 5. e4 O-O 6. Be2 c5 7. d5 e6 8. h5 exd5 9. exd5 a6 10. h6 Bh8 11. a4 Re8 12. Kf1 Ne4 13. Nxe4 Rxe4 14. Bd3 Re8 15. Nf3 Nd7 16. Bg5 Qb6 17. b3 Ne5 18. Nxe5 dxe5 19. a5 Qd6 20. Qc2 Bd7 21. g3 e4 22. Be2 Bxa1 0-1


[Site "https://www.chess.com"]

[Event "Titled Tuesday Blitz June 28 Late 2022"]
[White "Vivas Zamora, Fabian Ernesto"]
[Black "Roque Sola, Jose Luis"]
[WhiteFideId "3902480"]
[BlackFideId "5120390"]
[WhiteElo "2014"]
[BlackElo "1983"]
[Result "1-0"]
[Round "01"]
[TimeControl "180+1"]
[Date "2022.06.29"]
[WhiteClock "0:01:06"]
[BlackClock "0:00:28"]

1. e4 e6 2. d4 d5 3. Nd2 c5 4. Ngf3 cxd4 5. Nxd4 Nc6 6. Bb5 Bd7 7. Nxc6 bxc6 8. Bd3 c5 9. exd5 exd5 10. O-O Nf6 11. b3 Bd6 12. Re1+ Be6 13. Bb5+ Kf8 14. Nf3 h5 15. Bg5 h4 16. h3 Qc7 17. c4 a6 18. cxd5 Nxd5 19. Bc4 Nc3 20. Qd3 Bxc4 21. bxc4 Na4 22. Rad1 Bf4 23. Bxf4 Qxf4 24. Qd8+ Rxd8 25. Rxd8# 1-0


[Site "https://www.chess.com"]

[Event "Titled Tuesday Blitz June 28 Late 2022"]
[White "Vlassov, Nikolai"]
[Black "Fernandez Sanchez, Mario Andres"]
[WhiteFideId "4103360"]
[BlackFideId "6501621"]
[WhiteElo "2407"]
[BlackElo "2057"]
[Result "1-0"]
[Round "01"]
[TimeControl "180+1"]
[Date "2022.06.29"]
[WhiteClock "0:00:14"]
[BlackClock "0:00:10"]

1. e4 c6 2. d4 d5 3. e5 c5 4. dxc5 Nc6 5. Bb5 e6 6. Be3 Ne7 7. Nf3 Nf5 8. Bd4 Bd7 9. Bxc6 Bxc6 10. O-O a5 11. c3 a4 12. Nbd2 Qa5 13. b4 axb3 14. axb3 Qxa1 15. Qxa1 Rxa1 16. Rxa1 Be7 17. Ra8+ Bd8 18. b4 O-O 19. g4 Ne7 20. Nb3 Bb5 21. Be3 Bc4 22. Nfd4 Bc7 23. Rxf8+ Kxf8 24. f4 g5 25. fxg5 Bxe5 26. Na5 Ba6 27. h4 Ng6 28. h5 Ne7 29. Kf2 Bc7 30. Nab3 Bc4 31. Nd2 Bd3 32. Kf3 e5 33. N4b3 Nc6 34. Bg1 e4+ 35. Ke3 Ne5 36. Kd4 Nxg4 37. Kxd5 e3 38. Nf3 Bg3 39. Nc1 Bb5 40. Nd4 Bc6+ 41. Nxc6 bxc6+ 42. Kxc6 Bf2 43. Ne2 Ne5+ 44. Kd5 Nf3 45. Bxf2 exf2 46. Ng3 Nxg5 47. b5 Ke8 48. b6 Kd8 49. c6 Kc8 50. Ke5 h6 51. Nf1 Nf3+ 52. Kf6 Ng5 53. c4 Kb8 54. Kg7 Ne4 55. Kxh6 Nd6 56. c5 Ne4 57. c7+ Kb7 58. Kg7 Nxc5 59. h6 Ne6+ 60. Kxf7 Ng5+ 61. Kf6 Nh7+ 62. Kg7 Ng5 63. h7 Nxh7 64. Kxh7 1-0


[Site "https://www.chess.com"]